AAA WEST
TACOMA RAINIERS @ RENO ACES
05/28/2042
 
TOP OF THE 1ST
Tacoma Rainiers batting - Pitching for Reno Aces : RHP Eric Branch
Pitching: RHP Eric Branch
Batting: RHB Theron Scott 0-0: Called Strike
0-1: Ball
1-1: Swinging Strike
1-2: Strikes out swinging
Batting: RHB Enrico Mendoza 0-0: Ball
1-0: Foul Ball, location: 5F
1-1: Ball
2-1: Ball
3-1: Fly out, F8 (Line Drive, 8LD, EV 90.0 MPH)
Batting: LHB José Ortíz 0-0: Foul Ball, location: 5SF
0-1: Ball
1-1: Ball
2-1: Fly out, F5 (Popup, 56S, EV 81.3 MPH)
Top of the 1st over - 0 runs, 0 hits, 0 errors, 0 left on base; Tacoma 0 - Reno 0
BOTTOM OF THE 1ST
Reno Aces batting - Pitching for Tacoma Rainiers : RHP António Santos
Pitching: RHP António Santos
Batting: RHB Cal Richards 0-0: Called Strike
0-1: Ball
1-1: Foul Ball, location: 5DF
1-2: Ball
2-2: Foul Ball, location: 23FF
2-2: Strikes out looking
Batting: LHB Cristo Ayala 0-0: Swinging Strike
0-1: Ball
1-1: Called Strike
1-2: Foul Ball, location: 2F
1-2: Foul Ball, location: 9LSF
1-2: Strikes out looking
Batting: RHB Nate Smith 0-0: Ball
1-0: Ball
2-0: Called Strike
2-1: Ball
3-1: Base on Balls
Batting: RHB Mike Brock 0-0: Called Strike
0-1: Ball
1-1: Foul Ball, location: 7LSF
1-2: 2-RUN HOME RUN (Flyball, 9LD, EV 96.9 MPH), Distance : 358 ft
Batting: LHB Chuck Gibson 0-0: Foul Ball, location: 2F
0-1: Ball
1-1: Ball
2-1: Fly out, F9 (Line Drive, 9S, EV 91.9 MPH)
Bottom of the 1st over - 2 runs, 1 hit, 0 errors, 0 left on base; Tacoma 0 - Reno 2
TOP OF THE 2ND
Tacoma Rainiers batting - Pitching for Reno Aces : RHP Eric Branch
Batting: RHB Rusty Smith 0-0: Called Strike
0-1: Foul Ball, location: 9LMF
0-2: Ball
1-2: Foul Ball, location: 9LDF
1-2: Ball
2-2: Foul Ball, location: 9LDF
2-2: Foul Ball, location: 2F
2-2: Ball
3-2: Foul Ball, location: 9LSF
3-2: SINGLE (Line Drive, 89M, EV 90.0 MPH)
Batting: RHB Dan Sibbald 0-0: Ball
1-0: Swinging Strike
1-1: Swinging Strike
1-2: Ball
2-2: Ball
3-2: Foul Ball, location: 2F
3-2: Base on Balls
Rusty Smith to second
Batting: LHB Juan Gutiérrez 0-0: Fly out, F7 (Line Drive, 78M, EV 100.6 MPH)
Batting: RHB Ric Dennis 0-0: Called Strike
0-1: Called Strike
0-2: Ball
1-2: Fielders Choice at 3rd, U5 (Groundball, 5, EV 88.8 MPH)
Dan Sibbald to second
Batting: LHB Jorge Santos 0-0: Called Strike
0-1: Ball
1-1: Foul Ball, location: 7LSF
1-2: Ball
2-2: Foul Ball, location: 5SF
2-2: Ball
3-2: Fly out, F7 (Flyball, 7S, EV 91.9 MPH)
Top of the 2nd over - 0 runs, 1 hit, 0 errors, 2 left on base; Tacoma 0 - Reno 2
BOTTOM OF THE 2ND
Reno Aces batting - Pitching for Tacoma Rainiers : RHP António Santos
Batting: RHB Juan Maldonado 0-0: Foul Ball, location: 9LDF
0-1: Swinging Strike
0-2: Ground out 1-3 (Groundball, P, EV 63.1 MPH)
Batting: RHB Greg Jamison 0-0: Called Strike
0-1: Ball
1-1: Ball
2-1: Ball
3-1: Base on Balls
Batting: RHB Naoya Okabe 0-0: Foul Ball, location: 3F
0-1: Called Strike
0-2: Strikes out looking
Batting: RHB Kevin Arnold 0-0: Swinging Strike
0-1: Foul Ball, location: 3FF
0-2: Ball
1-2: Strikes out looking
Bottom of the 2nd over - 0 runs, 0 hits, 0 errors, 1 left on base; Tacoma 0 - Reno 2
TOP OF THE 3RD
Tacoma Rainiers batting - Pitching for Reno Aces : RHP Eric Branch
Batting: RHB Josh Hannemann 0-0: Fly out, F9 (Flyball, 9S, EV 100.0 MPH)
Batting: RHB Theron Scott 0-0: Ball
1-0: Fly out, F8 (Flyball, 89S, EV 95.6 MPH)
Batting: RHB Enrico Mendoza 0-0: Swinging Strike
0-1: Ball
1-1: Ball
2-1: Called Strike
2-2: Ball
3-2: Base on Balls
Batting: LHB José Ortíz 0-0: Ball
1-0: Ball
2-0: Ball
3-0: Base on Balls
Enrico Mendoza to second
Batting: RHB Rusty Smith 0-0: Called Strike
0-1: Swinging Strike
0-2: Foul Ball, location: 9LMF
0-2: Strikes out swinging
Top of the 3rd over - 0 runs, 0 hits, 0 errors, 2 left on base; Tacoma 0 - Reno 2
BOTTOM OF THE 3RD
Reno Aces batting - Pitching for Tacoma Rainiers : RHP António Santos
Batting: RHB Cal Richards 0-0: Ball
1-0: Ball
2-0: Ball
3-0: Swinging Strike
3-1: Foul Ball, location: 7LMFF
3-2: Strikes out looking
Batting: LHB Cristo Ayala 0-0: Called Strike
0-1: Swinging Strike
0-2: Ball
1-2: Fly out, F8 (Flyball, 8LXD, EV 85.6 MPH)
Batting: RHB Nate Smith 0-0: Ball
1-0: Called Strike
1-1: Ball
2-1: Ball
3-1: SINGLE (Groundball, 6MD, EV 109.4 MPH)
Batting: RHB Mike Brock 0-0: Called Strike
0-1: Called Strike
0-2: Foul Ball, location: 2F
0-2: Ball
1-2: Strikes out swinging
Bottom of the 3rd over - 0 runs, 1 hit, 0 errors, 1 left on base; Tacoma 0 - Reno 2
TOP OF THE 4TH
Tacoma Rainiers batting - Pitching for Reno Aces : RHP Eric Branch
Batting: RHB Dan Sibbald 0-0: Called Strike
0-1: Called Strike
0-2: Ball
1-2: Ball
2-2: Ground out 5-3 (Groundball, 56, EV 85.0 MPH)
Batting: LHB Juan Gutiérrez 0-0: Ball
1-0: Ball
2-0: Ball
3-0: Called Strike
3-1: Base on Balls
Batting: RHB Ric Dennis 0-0: Called Strike
0-1: Ball
1-1: Ball
2-1: Ball
3-1: Foul Ball, location: 7LMF
3-2: TRIPLE (Flyball, 89XD, EV 96.3 MPH)
Juan Gutiérrez scores
Batting: LHB Jorge Santos 0-0: Ball
1-0: Ground out U3 (Groundball, 3, EV 81.3 MPH)
Batting: RHB Josh Hannemann 0-0: Ball
1-0: SINGLE (Line Drive, 8RS, EV 105.6 MPH)
Ric Dennis scores
Batting: RHB Theron Scott 0-0: Swinging Strike
0-1: Ball
1-1: Swinging Strike
1-2: Ball
2-2: DOUBLE (Line Drive, 78D, EV 105.0 MPH)
Josh Hannemann to third
Runner from 3rd tries for Home, SAFE, throw by CF to home
Batting: RHB Enrico Mendoza 0-0: Called Strike
0-1: Called Strike
0-2: DOUBLE (Line Drive, 3D, EV 107.5 MPH)
Theron Scott scores
Batting: LHB José Ortíz 0-0: Called Strike
0-1: DOUBLE (Flyball, 8LXD, EV 103.8 MPH)
Enrico Mendoza scores
Pitching: RHP Mike McKenzie
Batting: RHB Rusty Smith 0-0: Ball
1-0: Ball
2-0: Swinging Strike
2-1: Ball
3-1: Foul Ball, location: 5F
3-2: Strikes out looking
Top of the 4th over - 5 runs, 5 hits, 0 errors, 1 left on base; Tacoma 5 - Reno 2
BOTTOM OF THE 4TH
Reno Aces batting - Pitching for Tacoma Rainiers : RHP António Santos
Batting: LHB Chuck Gibson 0-0: Called Strike
0-1: Ball
1-1: Ball
2-1: Fly out, F8 (Flyball, 8RD, EV 103.8 MPH)
Batting: RHB Juan Maldonado 0-0: Ball
1-0: Foul Ball, location: 3SF
1-1: Foul Ball, location: 3FF
1-2: SINGLE (Groundball, 56S, EV 68.1 MPH) (infield hit)
Batting: RHB Greg Jamison 0-0: Ball
1-0: Ball
2-0: Swinging Strike
2-1: SINGLE (Groundball, 6S, EV 72.5 MPH) (infield hit)
Juan Maldonado to second
Batting: RHB Naoya Okabe 0-0: Ball
1-0: Fielders Choice at 2nd, 5-4 (Groundball, 56, EV 102.5 MPH)
Juan Maldonado to third
Batting: RHB Kevin Arnold 0-0: Swinging Strike
0-1: Ball
1-1: SINGLE (Groundball, 4MD, EV 103.1 MPH)
Juan Maldonado scores
Naoya Okabe to second
Batting: RHB Cal Richards 0-0: Swinging Strike
0-1: Ball
1-1: Foul Ball, location: 2F
1-2: Strikes out swinging
Bottom of the 4th over - 1 run, 3 hits, 0 errors, 2 left on base; Tacoma 5 - Reno 3
TOP OF THE 5TH
Tacoma Rainiers batting - Pitching for Reno Aces : RHP Mike McKenzie
Batting: RHB Dan Sibbald 0-0: Ball
1-0: Ball
2-0: Called Strike
2-1: Ball
3-1: Base on Balls
Batting: LHB Juan Gutiérrez 0-0: Called Strike
0-1: Foul Ball, location: 2F
0-2: Ball
1-2: Strikes out swinging
Batting: RHB Ric Dennis 0-0: Ball
1-0: Ball
Dan Sibbald is caught stealing 2nd base 2-4
2-0: Fly out, F9 (Line Drive, 9D, EV 96.9 MPH)
Top of the 5th over - 0 runs, 0 hits, 0 errors, 0 left on base; Tacoma 5 - Reno 3
BOTTOM OF THE 5TH
Reno Aces batting - Pitching for Tacoma Rainiers : RHP António Santos
Batting: LHB Cristo Ayala 0-0: Called Strike
0-1: Called Strike
0-2: Ball
1-2: Foul Ball, location: 7LMF
1-2: Strikes out swinging
Batting: RHB Nate Smith 0-0: Swinging Strike
0-1: Ball
1-1: Swinging Strike
1-2: Strikes out swinging
Batting: RHB Mike Brock 0-0: Called Strike
0-1: Fly out, F9 (Flyball, 9S, EV 93.1 MPH)
Bottom of the 5th over - 0 runs, 0 hits, 0 errors, 0 left on base; Tacoma 5 - Reno 3
TOP OF THE 6TH
Tacoma Rainiers batting - Pitching for Reno Aces : RHP Mike McKenzie
Batting: LHB Jorge Santos 0-0: Called Strike
0-1: Fly out, F9 (Flyball, 9S, EV 85.0 MPH)
Batting: RHB Josh Hannemann 0-0: Ball
1-0: Ball
2-0: Ball
3-0: Base on Balls
Batting: RHB Theron Scott 0-0: Called Strike
0-1: DOUBLE (Flyball, 8RXD, EV 111.9 MPH)
Josh Hannemann to third
Runner from 3rd tries for Home, SAFE, no throw by CF
Batting: RHB Enrico Mendoza 0-0: Ball
1-0: SINGLE (Flyball, 56D, EV 95.6 MPH)
Theron Scott to third
Batting: LHB José Ortíz 0-0: Called Strike
0-1: Foul Ball, location: 2LF
0-2: Ball
1-2: Ball
2-2: Foul Ball, location: 23F
2-2: Fly out, F9 (Line Drive, 9, EV 93.1 MPH)
Runner from 3rd tags up, SCORES, throw by RF
Batting: RHB Rusty Smith 0-0: Fly out, F8 (Flyball, 8LS, EV 88.1 MPH)
Top of the 6th over - 2 runs, 2 hits, 0 errors, 1 left on base; Tacoma 7 - Reno 3
BOTTOM OF THE 6TH
Reno Aces batting - Pitching for Tacoma Rainiers : RHP António Santos
Batting: LHB Chuck Gibson 0-0: Called Strike
0-1: Swinging Strike
0-2: Strikes out swinging
Batting: RHB Juan Maldonado 0-0: Called Strike
0-1: Ball
1-1: Swinging Strike
1-2: Strikes out looking
Batting: RHB Greg Jamison 0-0: Ball
1-0: Ball
2-0: Ball
3-0: Called Strike
3-1: Called Strike
3-2: SOLO HOME RUN (Flyball, 89XD, EV 105.6 MPH), Distance : 416 ft
Batting: RHB Naoya Okabe 0-0: Ball
1-0: Ball
2-0: Called Strike
2-1: Foul Ball, location: 2F
2-2: Foul Ball, location: 2F
2-2: Strikes out swinging
Bottom of the 6th over - 1 run, 1 hit, 0 errors, 0 left on base; Tacoma 7 - Reno 4
TOP OF THE 7TH
Tacoma Rainiers batting - Pitching for Reno Aces : RHP Mike McKenzie
Batting: RHB Dan Sibbald 0-0: Ball
1-0: Fly out, F7 (Flyball, 7S, EV 82.5 MPH)
Batting: LHB Juan Gutiérrez 0-0: Ball
1-0: Foul Ball, location: 7LMF
1-1: Called Strike
1-2: SINGLE (Line Drive, 89S, EV 93.1 MPH)
Batting: RHB Ric Dennis 0-0: Foul Ball, location: 2F
0-1: Called Strike
0-2: Ball
1-2: Strikes out swinging
Batting: LHB Jorge Santos 0-0: Ball
1-0: Fly out, F9 (Flyball, 9, EV 90.6 MPH)
Top of the 7th over - 0 runs, 1 hit, 0 errors, 1 left on base; Tacoma 7 - Reno 4
BOTTOM OF THE 7TH
Reno Aces batting - Pitching for Tacoma Rainiers : RHP António Santos
Pitching: RHP Bob Major
Batting: RHB Kevin Arnold 0-0: Ball
1-0: Called Strike
1-1: SINGLE (Line Drive, 78S, EV 83.8 MPH)
Batting: RHB Cal Richards 0-0: Called Strike
0-1: Fielders Choice at 2nd, 4-6 (Groundball, 34, EV 100.6 MPH)
Batting: LHB Cristo Ayala 0-0: Ground out 5-3 (Groundball, 56, EV 102.5 MPH)
Cal Richards to second
Batting: RHB Nate Smith 0-0: Ball
1-0: Ball
2-0: Ball
3-0: Base on Balls
Batting: RHB Mike Brock 0-0: Ball
1-0: Foul Ball, location: 2F
1-1: Ball
2-1: Fly out, F8 (Flyball, 89D, EV 106.3 MPH)
Bottom of the 7th over - 0 runs, 1 hit, 0 errors, 2 left on base; Tacoma 7 - Reno 4
TOP OF THE 8TH
Tacoma Rainiers batting - Pitching for Reno Aces : RHP Mike McKenzie
Batting: RHB Josh Hannemann 0-0: Ball
1-0: Swinging Strike
1-1: Ground out 6-3 (Groundball, 6, EV 108.8 MPH)
Batting: RHB Theron Scott 0-0: Ball
1-0: Ground out 5-3 (Groundball, 5S, EV 83.8 MPH)
Batting: RHB Enrico Mendoza 0-0: Ball
1-0: Foul Ball, location: 2F
1-1: Called Strike
1-2: Foul Ball, location: 2F
1-2: Foul Ball, location: 2F
1-2: Ball
2-2: Strikes out swinging
Top of the 8th over - 0 runs, 0 hits, 0 errors, 0 left on base; Tacoma 7 - Reno 4
BOTTOM OF THE 8TH
Reno Aces batting - Pitching for Tacoma Rainiers : RHP Bob Major
Batting: LHB Chuck Gibson 0-0: Called Strike
0-1: Foul Ball, location: 9LDF
0-2: Strikes out swinging
Batting: RHB Juan Maldonado 0-0: Foul Ball, location: 3SF
0-1: Called Strike
0-2: Ball
1-2: Ball
2-2: Ball
3-2: Fly out, F7 (Flyball, 7D, EV 98.8 MPH)
Batting: RHB Greg Jamison 0-0: Ground out 6-3 (Groundball, 6, EV 100.6 MPH)
Bottom of the 8th over - 0 runs, 0 hits, 0 errors, 0 left on base; Tacoma 7 - Reno 4
TOP OF THE 9TH
Tacoma Rainiers batting - Pitching for Reno Aces : RHP Mike McKenzie
Batting: LHB José Ortíz 0-0: Ball
1-0: Called Strike
1-1: Called Strike
1-2: Ball
2-2: Ball
3-2: Strikes out swinging
Batting: RHB Rusty Smith 0-0: Ball
1-0: Called Strike
1-1: DOUBLE (Line Drive, 89D, EV 100.6 MPH)
Pitching: RHP Bobby Parker
Batting: RHB Dan Sibbald 0-0: Ground out 6-3 (Groundball, 6, EV 83.8 MPH)
Batting: LHB Juan Gutiérrez 0-0: Called Strike
0-1: Called Strike
0-2: Ground out 4-3 (Groundball, 4M, EV 82.5 MPH)
Top of the 9th over - 0 runs, 1 hit, 0 errors, 1 left on base; Tacoma 7 - Reno 4
BOTTOM OF THE 9TH
Reno Aces batting - Pitching for Tacoma Rainiers : RHP Bob Major
Pitching: RHP José Pérez
Now at 1B: Sang-kuk Park
Now in LF: Ernesto Díaz
Now in RF: Rusty Smith
Batting: RHB Naoya Okabe 0-0: Called Strike
0-1: Ball
1-1: Ground out U3 (Groundball, 34S, EV 90.6 MPH)
Pinch Hitting: SHB Álex Pérez 0-0: Swinging Strike
0-1: Ball
1-1: Swinging Strike
1-2: Strikes out swinging
Batting: RHB Cal Richards 0-0: Ball
1-0: Foul Ball, location: 3FF
1-1: Ball
2-1: Called Strike
2-2: Ball
3-2: Base on Balls
Batting: LHB Cristo Ayala 0-0: Called Strike
0-1: Swinging Strike
0-2: Strikes out looking
Bottom of the 9th over - 0 runs, 0 hits, 0 errors, 1 left on base; Tacoma 7 - Reno 4
Friday, May 3rd , 2024 - OOTP Baseball 24.10 Build 82